 Dungeon Crawl Stone Soup version bcrawl-1.20.1-3-gdcb1fc31ed (webtiles) character file.

Game seed: 15501844552067249446

65 KristoblXynda the Conjurer (level 3, 0/26 HPs)
             Began as a Draconian Conjurer on Jan 28, 2020.
             Slain by a worm (10 damage)
             ... on level 2 of the Dungeon.
             The game lasted 00:03:56 (2015 turns).

KristoblXynda the Conjurer (Draconian Conjurer)     Turns: 2015, Time: 00:03:57

Health: 0/26       AC:  5    Str: 10    XL:     3   Next: 92%
Magic:  1/7        EV: 14    Int: 16    God:
Gold:   208        SH:  0    Dex: 11    Spells: 3/7 levels left

rFire    . . .     SeeInvis .   m - +0 dagger
rCold    . . .     Gourm    .   (no shield)
rNeg     . . .     Faith    .   (armour unavailable)
rPois    .         Spirit   .   (helmet restricted)
rElec    .         Reflect  .   (no cloak)
rCorr    .         Harm     .   (no gloves)
MR       .....                  (no boots)
Stlth    ++........             (no amulet)
HPRegen  0.08/turn              k - +2 ring of evasion
MPRegen  0.10/turn              (no ring)

@: no status effects
A: unfitting armour, cold-blooded, AC +5
a: no special abilities


You were on level 2 of the Dungeon.
You were hungry.

You visited 1 branch of the dungeon, and saw 2 of its levels.

You collected 208 gold pieces.

Inventory:

Hand Weapons
 m - a +0 dagger (weapon)
Jewellery
 k - a +2 ring of evasion (left hand)
Scrolls
 a - a scroll of enchant armour {unknown}
 c - 2 scrolls of fog {unknown}
 d - 5 scrolls of identify {unknown}
 f - 2 scrolls of amnesia {unknown}
 i - a scroll of enchant weapon {unknown}
 j - 2 scrolls of remove curse {unknown}
Potions
 b - a potion of magic
 g - 2 potions of berserk rage {unknown}
 h - a potion of heal wounds {unknown}
 l - a potion of mutation {unknown}
Comestibles
 e - 6 rations {!d}


   Skills:
 + Level 2.6 Dodging
 - Level 2.0 Stealth
 + Level 2.8 Spellcasting
 + Level 4.5 Conjurations


You had 3 spell levels left.
You knew the following spells:

 Your Spells              Type           Power        Failure   Level  Hunger
a - Magic Dart            Conj           ###.         3%          1    #......
b - Iskenderun's Mystic   Conj           ###.....     9%          3    ###....

Your spell library contained the following spells:

 Spells                   Type           Power        Failure   Level  Hunger
 Searing Ray              Conj           ###.....     4%          2    ##.....
 Fulminant Prism          Conj/Hex       #.........   58%         4    #####..
 Irradiate                Conj/Tmut      #.........   91%         5    ######.


Dungeon Overview and Level Annotations

Branches:
Dungeon (2/12)

Altars:


Innate Abilities, Weirdness & Mutations

Your plain brown scales are hard. (AC +5)
You cannot fit into any form of body armour.
You are cold-blooded and may be slowed by cold attacks.


Message History

Confirm with . or Enter, or press ? or * to list all spells.
Aiming: Magic Dart (safe; 3% risk of failure)
Press: ? - help, Shift-Dir - straight line, f/p - worm
Aim: a worm (severely wounded)
The magic dart hits the worm.
The worm is severely wounded.
Casting: Magic Dart (safe; 3% risk of failure)
Confirm with . or Enter, or press ? or * to list all spells.
Aiming: Magic Dart (safe; 3% risk of failure)
Press: ? - help, Shift-Dir - straight line, f/p - worm
Aim: a worm (severely wounded)
The magic dart hits the worm.
The worm is severely wounded.
The worm closely misses you.
You barely miss the worm.
The worm is severely wounded.
You hit the worm but do no damage.
Your tail-slap misses the worm.
The worm is severely wounded.
The worm bites you!
You die...

#.#†.....# #######
#.#..#...#
#.#......# ####
##.#......# # #...
#.........# ..
###... #........##
... ......
#..##....##....
....##
#....).........
......
##....w@..s....
.###...
#.#.##<.......
...#...
#####.†...).......
......
#.................
.##..
#.###.............
#..
..............##(
#..
###..#........#
#.. #..#........#
### #..##........#


You could see a worm and a giant cockroach.

Vanquished Creatures
  A worm (D:2)
  4 dart slugs
  4 leopard geckos
  An orc (D:2)
  2 giant cockroaches (D:2)
  2 goblins (D:2)
  7 hobgoblins
  A jackal (D:1)
  3 quokkas
  8 bats
  3 frilled lizards
  3 kobolds
  10 rats
49 creatures vanquished.

Notes
Turn   | Place    | Note
-------+----------+-------------------------------------------
     0 | D:1      | KristoblXynda the Draconian Conjurer began the quest for
                  | the Orb.
     0 | D:1      | Reached XP level 1. HP: 14/14 MP: 3/3
   229 | D:1      | Reached XP level 2. HP: 14/20 MP: 1/5
  1155 | D:2      | Reached XP level 3. HP: 26/26 MP: 2/6
  1183 | D:2      | Learned a level 3 spell: Iskenderun's Mystic Blast
  2015 | D:2      | Slain by a worm

Skill      XL: |  1 |
---------------+----+-----
Dodging        | 2 |  2.6
Stealth        | |  2.0
Spellcasting   | |  2.8
Conjurations   | |  4.5

Action                   || total
-------------------------++-------
Melee: Unarmed           ||    92
       Tailslap          ||    14
       Dagger            ||    15
 Cast: Magic Dart        ||    97
 Stab: Sleeping          ||     1
  Eat: Chunk             ||     4
Armor: Skin              ||    35
Dodge: Dodged            ||    66
